 Dungeon Crawl Stone Soup version 0.28.0-62-gf88900778d (webtiles) character file.

Game seed: 7482119337254349044

522 infinitevox the Covered (level 7, -3/52 (55) HPs)
             Began as a Demonspawn Wanderer on Apr 14, 2023.
             Was an Initiate of Yredelemnul.
             Slain by a wight
             ... wielding a +5 flail
              (4 damage)
             ... on level 5 of the Dungeon.
             The game lasted 00:15:58 (4994 turns).

infinitevox the Covered (Demonspawn Wanderer)       Turns: 4994, Time: 00:16:00

HP:   -3/52 (55)    AC: 13    Str: 16    XL:     7   Next: 2%
MP:   11/11         EV:  9    Int: 13    God:    Yredelemnul [......]
Gold: 257           SH:  0    Dex: 11    Spells: 11/12 levels left

rFire   . . .      SeeInvis .   g - +2 morningstar
rCold   . . .      Faith    .   (no shield)
rNeg    . . .      Spirit   .   b - +0 scale mail
rPois   .          Reflect  .   (no helmet)
rElec   .          Harm     .   a - scarf {+Inv}
rCorr   .          Rampage  .   f - +2 pair of gloves
Will    .....                   (no boots)
Stlth   ..........              (no amulet)
HPRegen 0.17/turn               (no ring)
MPRegen 0.12/turn               (no ring)

@: drained
A: claws 1, slimy green scales 2, powered by death 1, spiny 1
a: Renounce Religion, Evoke Invisibility, Recall Undead Harvest


You were on level 5 of the Dungeon.
You worshipped Yredelemnul.
Yredelemnul was noncommittal.
You visited 1 branch of the dungeon, and saw 5 of its levels.

You collected 257 gold pieces.

Inventory:

Hand Weapons
 g - a +2 morningstar (weapon)
 i - a +0 short sword of venom
 m - a +2 hunting sling of flaming
Missiles
 c - 145 stones
Armour
 a - a scarf of invisibility (worn)
 b - a +0 scale mail (worn)
 f - a +2 pair of gloves (worn)
Magical Staves
 d - a staff of air
Wands
 l - a wand of polymorph (13)
Potions
 e - a potion of lignification {unknown}
 h - 4 potions of heal wounds


   Skills:
 + Level 4.7 Fighting
 - Level 1.7 Axes
 + Level 1.7(1.9) Slings
 - Level 1.0(1.5) Throwing
 + Level 5.0 Armour
 - Level 3.0 Spellcasting
 + Level 0.1 Invocations


You had 11 spell levels left.
You knew the following spells:

 Your Spells              Type           Power      Damage    Failure   Level
a - Sandblast             Erth           2%         2d4       58%         1

Your spell library contained the following spells:

 Spells                   Type           Power      Damage    Failure   Level
 Call Imp                 Summ           1%         N/A       75%         2
 Passwall                 Tmut/Erth      0%         N/A       75%         2
 Conjure Flame            Conj/Fire      1%         6-21      92%         3
 Spider Form              Tmut/Pois      1%         N/A       92%         3
 Stone Arrow              Conj/Erth      2%         3d7       92%         3


Dungeon Overview and Level Annotations

Branches:
Dungeon (5/15)
 Temple: D:4-7

Altars:
Okawaru
Yredelemnul
Zin

Annotations:
D:2 infinitevox's ghost, amateur DsWn


Innate Abilities, Weirdness & Mutations

You have sharp fingernails.
You are mostly covered in slimy green scales. (AC +3)
You regenerate a little health from kills.
You are partially covered in sharp spines.


Message History

Things that are here:
a +0 hand axe; a +0 robe You see here a +0 robe.
There is an open door here.
As you close the door, it creaks loudly!
Your +0 short sword of venom stops dripping with poison.
g - a +2 morningstar (weapon)
A wight opens the door.
A wight comes into view. It is wielding a +5 flail.
You puncture the wight!
The wight is severely damaged.
The wight hits you with a +4 long sword.
You barely miss the wight.
The wight is severely damaged.
The wight is struck by your spines.
The wight hits you with a +4 long sword. x2
You feel drained.
* * * LOW HITPOINT WARNING * * *
You closely miss the wight.
The wight is severely damaged.
The wight is struck by your spines.
The wight hits you with a +4 long sword.
* * * LOW HITPOINT WARNING * * *
You barely miss the wight.
The wight is almost destroyed.
The wight completely misses you. The wight is struck by your spines.
The wight hits you but does no damage.
You hit the wight but do no damage.
The wight is almost destroyed.
The wight barely misses you. The wight is struck by your spines.
The wight hits you with a +5 flail.
* * * LOW HITPOINT WARNING * * *
The wight hits you but does no damage.
You hit the wight.
You destroy the wight!
The wight hits you with a +5 flail!
* * * LOW HITPOINT WARNING * * *
You feel drained.
You die...
Your body rises from the dead as a mindless zombie.

#..........#
#..........#
###'##.....#
#....#.....#
#....#.....#+###
############.........#
#...........##+##....#
#.......z...#...#....#
#......@)...'...#..>.#
#...........#.###....#
#############[#.....##
#..)#....<+
#..z#.....# #######
#...#.....# #.....#
#.>.#.....#
#.....####...#......
#....#.......#......


You could see a wight.

Vanquished Creatures
  Blork the orc (D:4)
  2 scorpions
  3 wights (D:5)
  A bullfrog zombie (D:3)
  A centaur skeleton (D:3)
  Jessica (D:3)
  A killer bee zombie (D:3)
  6 adders
  2 orcs
  5 ball pythons
  4 endoplasms
  A giant cockroach (D:4)
  10 goblins
  5 hobgoblins
  5 jackals
  9 kobolds
  7 quokkas
  2 bats (D:1)
  2 frilled lizards
  A rat (D:3)
69 creatures vanquished.

Vanquished Creatures (collateral kills)
  A jelly (D:2)
  A dart slug (D:2)
  2 jackals (D:2)
  A frilled lizard (D:2)
  2 goblins (D:2)
  A rat (D:2)
8 creatures vanquished.

Vanquished Creatures (others)
  2 adder zombies
  2 bat zombies (D:2)
  A hobgoblin zombie (D:3)
  A jackal zombie (D:2)
  A kobold zombie (D:3)
  2 orc zombies
  A quokka zombie (D:3)
  A rat zombie (D:3)
  2 plants (D:3)
13 creatures vanquished.

Grand Total: 90 creatures vanquished

Notes
Turn   | Place    | Note
-------+----------+-------------------------------------------
     0 | D:1      | infinitevox the Demonspawn Wanderer began the quest for the
                  | Orb.
     0 | D:1      | infinitevox set off with the following items: a +0 hand
                  | axe, a +0 scale mail, 28 stones; and the following spell
                  | memorised: Sandblast; and the following spells available to
                  | memorise: Call Imp, Conjure Flame, Spider Form
     0 | D:1      | Reached XP level 1. HP: 16/16 MP: 4/4
   165 | D:1      | Gained mutation: You have sharp fingernails. [demonic
                  | ancestry]
   165 | D:1      | Reached XP level 2. HP: 19/23 MP: 6/6
  1205 | D:2      | Found a faded altar of an unknown god.
  1217 | D:2      | Gained mutation: You regenerate a little health from kills.
                  | [demonic ancestry]
  1217 | D:2      | Reached XP level 3. HP: 24/29 MP: 7/7
  1297 | D:2      | Prayed at the altar of an unknown god.
  1297 | D:2      | Became a worshipper of Yredelemnul the Dark
  1297 | D:2      | Reached * piety under Yredelemnul
  1362 | D:2      | Reached skill level 2 in Armour
  1366 | D:2      | Reached ** piety under Yredelemnul
  1536 | D:2      | Reached XP level 4. HP: 36/37 MP: 8/8
  1653 | D:3      | Noticed Jessica
  1696 | D:3      | Killed Jessica
  1707 | D:3      | Noticed Sigmund
  1707 | D:3      | You fall into a shaft and drop 1 floor!
  1828 | D:4      | Noticed a scorpion
  1837 | D:4      | Killed a scorpion
  1838 | D:4      | Reached skill level 3 in Armour
  1838 | D:4      | Gained mutation: You are partially covered in slimy green
                  | scales. (AC +2) [demonic ancestry]
  1838 | D:4      | Reached XP level 5. HP: 29/42 MP: 9/9
  2275 | D:3      | Found a faded altar of an unknown god.
  2279 | D:3      | Found an iron altar of Okawaru.
  2355 | D:3      | Found a basalt altar of Yredelemnul.
  2370 | D:3      | Noticed Sigmund
  2370 | D:3      | Sigmund changed into Sigmund the kobold
  2372 | D:3      | Killed Sigmund the kobold
  2752 | D:3      | Found a runed translucent gate.
  2753 | D:3      | Found a runed translucent gate.
  2754 | D:3      | Found a runed translucent gate.
  2755 | D:3      | Noticed infinitevox's ghost (amateur DsWn)
  3428 | D:3      | Your ally Sigmund died
  3435 | D:3      | Reached skill level 4 in Armour
  3435 | D:3      | Gained mutation: You are mostly covered in slimy green
                  | scales. (AC +3) [demonic ancestry]
  3435 | D:3      | Reached XP level 6. HP: 39/49 MP: 10/10
  4375 | D:4      | Noticed Blork the orc
  4382 | D:4      | Killed Blork the orc
  4619 | D:5      | Entered Level 5 of the Dungeon
  4637 | D:5      | Reached skill level 1 in Slings
  4947 | D:5      | Reached skill level 5 in Armour
  4947 | D:5      | Gained mutation: You are partially covered in sharp spines.
                  | [demonic ancestry]
  4947 | D:5      | Reached XP level 7. HP: 17/55 MP: 11/11
  4994 | D:5      | HP: 1/54 [wight/+5 flail (9)]
  4994 | D:5      | Slain by a wight

Illustrated notes

Levels and vault maps discovered:
D:1:      elethiomel_arrival_shortcut, layout_basic
D:2:      layout_rooms, ebering_ecumenical_altar_ruins
D:3:      layout_basic, nicolae_overflow_ecumenical_swirl,
          general_overflow_altar, gammafunk_ghost_necromancy, roderic_lattice_a,
          saegor_snake_ambush, uniq_jessica, uniq_sigmund
D:4:      layout_cave_pools, zin_academy, uniq_blork_the_orc
D:5:      layout_gridville, minmay_temple_entry_proselytizer

Skill      XL: |  1  2  3  4  5  6 |
---------------+-------------------+-----
Fighting       | 3 4 |  4.7
Armour         | 2 3 4 5 |  5.0
Slings         | 1 |  1.7
Axes           | |  1.7
Throwing       | |  1.0
Spellcasting   | |  3.0
Invocations    | |  0.1

Action                   |  1- 3 |  4- 6 |  7- 9 || total
-------------------------+-------+-------+-------++-------
Melee: Hand axe          |    79 |       |       ||    79
       Short sword       |    41 |   146 |       ||   187
       Punch             |     1 |       |       ||     1
       Morningstar       |       |       |     6 ||     6
 Fire: Hunting sling     |       |    27 |       ||    27
Invok: Recall Undead Har |       |     1 |       ||     1
Evoke: Wand              |       |     1 |       ||     1
  Use: Scroll            |       |    10 |       ||    10
       Potion            |       |     3 |       ||     3
 Stab: Distracted        |       |     1 |       ||     1
Armor: Scale mail        |    69 |    84 |     2 ||   155
Dodge: Dodged            |    66 |    77 |     2 ||   145
